Unix NetHack Version 5.0.0-0 post-release - last build May  4 2026 22:22:43 (774f63e81ad911689b3a0859ea89b322d5daca8d,branch:main).

Game began 2026-05-07 11:48:37, ended 2026-05-07 12:29:02.

01245990302, neutral male human Archeologist

       ----------
       |........|          --------
       |........|          |......|
       |........|          |.......###
       |........|        ##-.....<|  #    ##############
       |>.......-%######## |.......######[#   ---------|-----#-----
       ----......#     ####.|.....-# #        |...............>...|
           # ### #          ######## #        |...................|
           ###    @          # ###########    |...................|
           #      '          #     ##  # ##   |.......?...........|
           #      #         ##     ##.....## #...[................|
           #      ##        #       #|.!(|#  #|...............---.|
        ####       ##       #       #|.}.|####|...............|[-.|
       ##           #-------.---    #-....####................|.|.|
      -|-           #..........|     -----#   |..............{---.|
     |....           |.........-###########   |...................|
     |/%(*(|         |.........|              ---------------------
     -------         -----------

01245990302 the Field Worker  St:18 Dx:10 Co:15 In:16 Wi:13 Ch:11  Neutral
Dlvl:4  $:75 HP:0(28) Pw:15(15) AC:9  Xp:4 T:4192 

Latest messages:
 You lash the shrieker!
 You feel more confident in your weapon skills.
 (Tip: use the #enhance command to advance them.)
 You kill the shrieker!
 You see here a ruby potion.
 y - a ruby potion.
 You see here a scroll labeled LEP GEX VEN ZEA.
 You hear crashing rock.
 You hear crashing rock.
 The paper golem hits!
 You miss the dwarf.
 The paper golem hits!
 The dwarf swings her broad pick.
 The dwarf hits!
 You kill the dwarf!
 The paper golem hits!
 There are several objects here.
 $ - 11 gold pieces (75 in total).
 z - a broad pick.
 A - a broad short sword.
 B - a hard hat.
 The paper golem hits!
 The paper golem hits!
 The paper golem hits!
 You see here a scroll labeled LEP GEX VEN ZEA.
 The paper golem hits!
 The paper golem hits!
 The paper golem hits!
 You see here a pair of fencing gloves.
 You hear bubbling water.
 The paper golem hits!
 The paper golem hits!
 The paper golem hits!
 The paper golem hits!
 The paper golem hits!
 The paper golem hits!
 The paper golem hits!
 The paper golem hits!
 You are carrying too much to get through.
 You are carrying too much to get through.
 You lash the paper golem!
 The paper golem hits!
 You lash the paper golem!
 The paper golem hits!
 You die...
 Do you want your possessions identified? [ynq] (y) y
 Do you want to see your attributes? [ynq] (y) y
 Do you want an account of creatures vanquished? [ynaq] (y) y
 Do you want to see your conduct and achievements? [ynq] (y) y
 Do you want to see the dungeon overview? [ynq] (y) y

Inventory:
 Coins    ('$')
  $ - 75 gold pieces
 Weapons  (')')
  w - a +0 elven dagger
  i - a +0 orcish dagger
  a - a +2 bullwhip (weapon in right hand)
  z - a +0 dwarvish mattock
  A - a +0 dwarvish short sword
 Armor    ('[')
  B - an uncursed +0 dwarvish iron helm
  c - an uncursed +0 fedora (being worn)
  j - an uncursed +0 orcish helm
  b - an uncursed +0 leather jacket (being worn)
  p - an uncursed +0 studded leather armor
 Comestibles  ('%')
  v - an uncursed candy bar labeled "Moon Crunchy"
  u - an uncursed cram ration
  n - an uncursed egg
  m - an uncursed lichen corpse
 Potions  ('!')
  x - a blessed potion of enlightenment
  r - an uncursed potion of enlightenment
  o - an uncursed potion of full healing
  s - an uncursed potion of levitation
  y - an uncursed potion of object detection
 Tools    ('(')
  e - a +0 pick-axe (alternate weapon; not wielded)
 Gems/Stones  ('*')
  k - an uncursed worthless piece of black glass
  g - an uncursed touchstone

01245990302 the Archeologist's attributes:

Background:
 You were a Field Worker, a level 4 male human Archeologist.
 You were neutral, nominally on a mission for Camaxtli
 who was opposed by Quetzalcoatl (lawful) and Huhetotl (chaotic).
 You were right-handed.
 You were in the Dungeons of Doom, on level 4.
 You entered the dungeon 4192 turns ago.
 You had 156 experience points, 4 more were needed to attain level 5.

Basics:
 You had 0 out of 28 hit points.
 You had all 15 energy points (spell power).
 Your armor class was 9.
 Your wallet contained 75 zorkmids.
 Autopickup was off.

Final Characteristics:
 Your strength was 18 (limit:18/100).
 Your dexterity was 10 (limit:18).
 Your constitution was 15 (limit:18).
 Your intelligence was 16 (limit:18).
 Your wisdom was 13 (limit:18).
 Your charisma was 11 (limit:18).

Final Status:
 You weren't hungry.
 You were unencumbered.
 You were wielding a whip.
 You had basic skill with whip and could have enhanced that.

Final Attributes:
 You were piously aligned.
 You had automatic searching.
 You were lucky.
 You are dead.

Miscellaneous:
 You didn't encounter any bones levels.
 Total elapsed playing time was 40 minutes and 24 seconds.

Major events:
 Turn
    1: 01245990302 the neutral male human Archeologist entered the dungeon
 2136: attained the rank of Field Worker (level 3)
 4192: killed by a paper golem

You didn't know any spells.

Skills:
 Fighting Skills
   bare handed combat [Unskilled]
   two weapon combat  [Unskilled]
   riding             [Unskilled]
 Weapon Skills
   dagger             [Unskilled]
   knife              [Unskilled]
   pick-axe           [Basic]
   short sword        [Unskilled]
   saber              [Unskilled]
   club               [Unskilled]
   quarterstaff       [Unskilled]
   sling              [Unskilled]
   dart               [Unskilled]
   boomerang          [Unskilled]
   whip               [Basic]
   unicorn horn       [Unskilled]
 Spellcasting Skills
   attack spells      [Unskilled]
   healing spells     [Unskilled]
   divination spells  [Unskilled]
   matter spells      [Unskilled]

Voluntary challenges:
 Character rerolling was not enabled.
 You were an atheist.
 You were illiterate.
 You never genocided any monsters.
 You never polymorphed an object.
 You never changed form.
 You used no wishes.
Achievements:
 You entered a shop.
 You attained the rank of Field Worker.

 The Dungeons of Doom: levels 1 to 4
    Level 1:
    Level 2:
    Level 3:
       A general store, some fountains.
    Level 4: <- You were here.
       A general store, a fountain.
       Final resting place for
          you, killed by a paper golem.


Vanquished creatures:
  2 shriekers
  a floating eye
  a dwarf
  a homunculus
  a kobold leader
  a kobold shaman
  2 iguanas
  a hobbit
  7 giant rats
  2 brown molds
  a gnome zombie
  4 geckos
  4 jackals
  3 goblins
  a sewer rat
  8 grid bugs
  4 lichens
  a kobold zombie
  7 newts
52 creatures vanquished.

No species were genocided or became extinct.

Game over:
                       ----------
                      /          \
                     /    REST    \
                    /      IN      \
                   /     PEACE      \
                  /                  \
                  |   01245990302    |
                  |      75 Au       |
                  |   killed by a    |
                  |   paper golem    |
                  |                  |
                  |                  |
                  |       2026       |
                 *|     *  *  *      | *
        _________)/\\_//(\/(/\)/\//\/|_)_______

Goodbye 01245990302 the Archeologist...

You died in The Dungeons of Doom on dungeon level 4 with 842 points,
and 75 pieces of gold, after 4192 moves.
You were level 4 with a maximum of 28 hit points when you died.

